 Dungeon Crawl Stone Soup version 0.31-a0-175-g9f7f995f2b (webtiles) character file.

Game seed: 5950724067586984228

94 qw the Shooter (level 4, 0/40 HPs)
             Began as a Naga Hunter on June 17, 2023.
             Slain by a goblin
             ... wielding a +0 club
             ... led by Robin
              (2 damage)
             ... on level 3 of the Dungeon.
             The game lasted 00:00:28 (1160 turns).

qw the Shooter (Naga Hunter)                        Turns: 1160, Time: 00:00:29

Health: 0/40       AC:  2    Str: 14    XL:     4   Next: 63%
Magic:  4/4        EV:  9    Int:  9    God:
Gold:   50         SH:  0    Dex: 16    Spells: 3/3 levels left

rFire   . . .        Y - +0 shortbow
rCold   . . .        (shield currently unavailable)
rNeg    . . .        c - +0 leather armour
rPois   +            (no helmet)
rElec   .            (no cloak)
rCorr   .            (no gloves)
SInv    +            (no barding)
Will    .....        (no amulet)
Stlth   ++           (no ring)
HPRegen 0.26/turn    (no ring)
MPRegen 0.09/turn

%: no passive effects
@: short of breath, very slow
A: AC +1, large, see invisible, deformed body, poison resistance, slowness 2,
spit poison 1, naga tail 1
a: Spit Poison


You were on level 3 of the Dungeon.
You visited 1 branch of the dungeon, and saw 3 of its levels.

You collected 74 gold pieces.
You spent 24 gold pieces at shops.


Innate Abilities, Weirdness & Mutations

Your serpentine skin is tough. (AC +1)
You have supernaturally acute eyesight. (SInv)
Armour fits poorly on your strangely shaped body.
Your system is resistant to poisons. (rPois)
You cover ground very slowly.
You can spit poison.
You have a snake-like lower body.


   Skills:
 + Level 2.8 Fighting
 - Level 5.0 Ranged Weapons
 - Level 1.5 Dodging
 - Level 1.5 Stealth


You had 3 spell levels left.
You didn't know any spells.
Your spell library was empty.

Inventory:

Hand Weapons
 Y - a +0 shortbow (weapon)
Armour
 c - a +0 leather armour (worn)
Scrolls
 g - a scroll of identify
 h - a scroll of enchant armour {unknown}
Potions
 a - a potion of enlightenment {unknown}
 b - a potion of brilliance {unknown}
 d - a potion of attraction {unknown}
 e - a potion of mutation {unknown}
 f - a potion of cancellation {unknown}

Dungeon Overview and Level Annotations

Branches:
Dungeon (3/15)

Altars:

Shops:
D:1 ?   D:2 (


Message History

1156 ||| INVOKING Spit Poison.
Aiming: Spit Poison (1% risk of failure)
Press: ? - help, Shift-Dir - straight line, f - Robin, p - goblin The splash of poison hits Robin.
Robin is poisoned.
Robin is severely wounded.
The hobgoblin hits you but does no damage.
The goblin closely misses you.
A hobgoblin comes into view.
Robin roars a battlecry!
The goblin goes into a battle-frenzy!
The hobgoblin barely misses you. The goblin barely misses you.
The hobgoblin shouts!
You hear a shout!
You shoot an arrow.
The arrow hits Robin but does no damage.
Robin is severely wounded.
The hobgoblin hits you. The goblin barely misses you.
A goblin comes into view. It is wielding a +0 club.
The hobgoblin closely misses you. The goblin hits you with a +0 club.
You shoot an arrow. The arrow hits Robin.
Robin is almost dead.
You have got your breath back.
The hobgoblin barely misses you. The goblin hits you with a +0 dagger.
Robin roars a battlecry!
The goblin goes into a battle-frenzy!
The hobgoblin barely misses you. The goblin barely misses you.
The goblin hits you with a +0 dagger. The hobgoblin misses you.
The hobgoblin barely misses you. The goblin completely misses you.
1159 ||| INVOKING Spit Poison.
Aiming: Spit Poison (1% risk of failure)
Press: ? - help, Shift-Dir - straight line, f/p - Robin The splash of poison hits Robin!
You kill Robin!
The goblin hits you but does no damage. The hobgoblin closely misses you.
The goblin hits you with a +0 club. The hobgoblin barely misses you.
The goblin barely misses you.
You shoot an arrow. The arrow closely misses the goblin.
The goblin no longer looks unusually strong.
The hobgoblin no longer looks unusually strong.
The goblin hits you with a +0 club. x2
You die...

#.# #.# # #.#
#. #.# #.. #.#
#... #.# #....
#.#
#.....#g#####.#
#....gg@g......
.<....gggg..+++
...#...g....+
.. #..g%....+
#..>g....+
##.......+
.........
......#.#..


You could see 5 hobgoblins and 6 goblins.

Vanquished Creatures
  Robin (D:3)
  3 adders
  4 dart slugs
  An endoplasm (D:1)
  2 giant cockroaches (D:1)
  5 goblins
  3 hobgoblins (D:1)
  2 jackals (D:2)
  3 quokkas
  7 ball pythons
  4 bats
  5 frilled lizards
  5 kobolds
  3 rats
48 creatures vanquished.

Notes
Turn   | Place    | Note
-------+----------+-------------------------------------------
     0 | D:1      | qw the Naga Hunter began the quest for the Orb.
     0 | D:1      | Reached XP level 1. HP: 19/19 MP: 1/1
     0 | D:1      | 0 ||| qw: Version: 0.3-a-2-g5ab2908
     0 | D:1      | 0 ||| qw: Game counter: 356
     0 | D:1      | 0 ||| qw: Always use a shield: true
     0 | D:1      | 0 ||| qw: God list: Okawaru
     0 | D:1      | 0 ||| qw: Allow faded altars: false
     0 | D:1      | 0 ||| qw: Do Orc after D:15 true
     0 | D:1      | 0 ||| qw: Do second Lair branch before Depths: true
     0 | D:1      | 0 ||| qw: Lair rune preference: random
     0 | D:1      | 0 ||| qw: Plans: Normal
     0 | D:1      | 0 ||| PLANNING D:1-11
    41 | D:1      | 41 ||| INVOKING Spit Poison.
    47 | D:1      | 47 ||| INVOKING Spit Poison.
    55 | D:1      | 55 ||| INVOKING Spit Poison.
    59 | D:1      | 59 ||| INVOKING Spit Poison.
    76 | D:1      | Reached skill level 4 in Ranged Weapons
    76 | D:1      | Reached XP level 2. HP: 26/26 MP: 2/2
    78 | D:1      | 78 ||| INVOKING Spit Poison.
    81 | D:1      | 81 ||| INVOKING Spit Poison.
   102 | D:1      | 102 ||| INVOKING Spit Poison.
   108 | D:1      | 108 ||| INVOKING Spit Poison.
   125 | D:1      | 125 ||| INVOKING Spit Poison.
   132 | D:1      | 132 ||| INVOKING Spit Poison.
   153 | D:1      | 153 ||| INVOKING Spit Poison.
   156 | D:1      | 156 ||| INVOKING Spit Poison.
   159 | D:1      | 159 ||| INVOKING Spit Poison.
   300 | D:1      | 300 ||| INVOKING Spit Poison.
   301 | D:1      | Reached XP level 3. HP: 32/32 MP: 3/3
   312 | D:1      | 312 ||| INVOKING Spit Poison.
   324 | D:1      | 324 ||| INVOKING Spit Poison.
   329 | D:1      | 329 ||| INVOKING Spit Poison.
   390 | D:1      | Found Riesa's Magic Scroll Emporium.
   393 | D:1      | 393 ||| SHOPLISTING scroll of acquirement (624 gold, have
                  | 25).
   393 | D:1      | 393 ||| SHOPLISTING scroll of enchant weapon (90 gold, have
                  | 25).
   393 | D:1      | 393 ||| BUYING scroll of identify (24 gold).
   393 | D:1      | Bought a scroll of identify for 24 gold pieces
   393 | D:1      | 393 ||| SHOPLISTING scroll of teleportation (36 gold, have
                  | 1).
   458 | D:1      | 458 ||| INVOKING Spit Poison.
   462 | D:1      | 462 ||| INVOKING Spit Poison.
   621 | D:1      | 621 ||| READING 2 scrolls labelled FIATIUM YNYON.
   622 | D:1      | 622 ||| DROPPING scroll of amnesia.
   623 | D:1      | 623 ||| DROPPING scroll of butterflies.
   650 | D:2      | 650 ||| INVOKING Spit Poison.
   668 | D:2      | 668 ||| INVOKING Spit Poison.
   739 | D:2      | Found Tisupy's Weapon Shop.
   772 | D:2      | 772 ||| INVOKING Spit Poison.
   775 | D:2      | 775 ||| INVOKING Spit Poison.
   817 | D:2      | 817 ||| INVOKING Spit Poison.
   820 | D:2      | 820 ||| INVOKING Spit Poison.
   821 | D:2      | Reached skill level 5 in Ranged Weapons
   821 | D:2      | Reached XP level 4. HP: 39/39 MP: 4/4
   906 | D:2      | 906 ||| INVOKING Spit Poison.
   995 | D:2      | 995 ||| INVOKING Spit Poison.
  1061 | D:3      | 1061 ||| INVOKING Spit Poison.
  1088 | D:3      | 1088 ||| INVOKING Spit Poison.
  1108 | D:3      | 1108 ||| INVOKING Spit Poison.
  1131 | D:3      | 1131 ||| INVOKING Spit Poison.
  1144 | D:3      | 1144 ||| INVOKING Spit Poison.
  1147 | D:3      | Noticed Robin
  1150 | D:3      | 1150 ||| INVOKING Spit Poison.
  1156 | D:3      | 1156 ||| INVOKING Spit Poison.
  1158 | D:3      | HP: 9/40 [goblin/+0 dagger[Robin] (2)]
  1159 | D:3      | 1159 ||| INVOKING Spit Poison.
  1159 | D:3      | Killed Robin
  1160 | D:3      | HP: 2/40 [goblin/+0 club[Robin] (5)]
  1160 | D:3      | Slain by a goblin

Levels and vault maps discovered:
D:1:      erik_arrival_triangle_small, layout_basic, serial_shops,
          nicolae_shop_rolled_up
D:2:      layout_basic, serial_shops, shop
D:3:      layout_basic, hellmonk_ecumenical_altar_heavens_door, minmay_cupped,
          uniq_robin

Skill      XL: |  1  2  3 |
---------------+----------+-----
Ranged Weapons | 4 5 |  5.0
Fighting       | |  2.8
Dodging        | |  1.5
Stealth        | |  1.5

Action                     |  1- 3 |  4- 6 || total
---------------------------+-------+-------++-------
   Fire: Shortbow          |    54 |    23 ||    77
Ability: Spit Poison       |    25 |    10 ||    35
    Use: Scroll            |     1 |       ||     1
 Armour: Leather armour    |     2 |     2 ||     4
  Dodge: Dodged            |     6 |    21 ||    27

Table legend:
 A = Non-vault XP
 B = Vault XP
 C = Vault XP percentage of total XP
 D = Non-vault monster count
 E = Vault monster count
 F = Vault count percentage of total count
                 A         B        C        D         E       F
            +---------+---------+-------+---------+---------+-------
      Total |     118 |      17 |  12.6 |      46 |       2 |   4.2
            +---------+---------+-------+---------+---------+-------
        D:1 |      48 |       0 |   0.0 |      27 |       0 |   0.0
        D:2 |      46 |       0 |   0.0 |      13 |       0 |   0.0
        D:3 |      24 |      17 |  41.5 |       6 |       2 |  25.0
            +---------+---------+-------+---------+---------+-------
